General information
- name: BNet
- type: Ladder team game (AT/RT)
- host: Battle.net
- saver: DontTreadOnMe
map: Deadlock
- players: 8
- length: 67:29
- speed: Fast
- version: 1.26 W3XP
- replay type: Public
» download(368 KB)
Players
team 1 (winner)
tomha (
pink | 38 APM | 2173 actions | 56:55)
5 Keeper of the Grove
1 Entangling Roots
2 Thorns Aura
2 Force of Nature
4 Priestess of the Moon
2 Trueshot Aura
1 Searing Arrows
1 Scout
» actions
| Assign group hotkey | 30 | |
| Basic commands | 23 | |
| Build / train | 119 | |
| Enter build submenu | 47 | |
| Enter hero's abilities submenu | 9 | |
| Give item / drop item | 4 | |
| Right click | 1119 | |
| Select / deselect | 643 | |
| Select group hotkey | 58 | |
| Use ability | 121 | |
2173 total
» units
| Wisp | 44 | |
| Archer | 20 | |
| Huntress | 1 | |
| Hippogryph | 28 | |
| Harpy Rogue | 1 | |
| Chimaera | 2 | |
96 total
» upgrades
| Hippogryph Taming | 1 | |
| Improved Bows | 1 | |
| Marksmanship | 1 | |
| Corrosive Breath | 1 | |
4 total
» buildings
| Moon Well | 7 | |
| Altar of Elders | 1 | |
| Ancient of War | 2 | |
| Ancient of Wonders | 2 | |
| Hunter's Hall | 1 | |
| Tree of Ages | 1 | |
| Ancient Protector | 15 | |
| Tree of Life | 7 | |
| Ancient of Wind | 3 | |
| Tree of Eternity | 1 | |
| Chimaera Roost | 3 | |
43 total
» build order
00:20 Moon Well
00:49 Altar of Elders
01:15 Ancient of War
01:23 Moon Well
02:04 Ancient of Wonders
02:21 Moon Well
03:35 Hunter's Hall
04:15 Tree of Ages
04:44 Ancient Protector
05:18 Moon Well
06:00 Ancient Protector
06:46 Tree of Life
06:51 Ancient Protector
06:54 Ancient Protector
07:14 Ancient of Wind
08:35 Ancient of Wind
08:39 Ancient Protector
08:48 Ancient Protector
10:48 Ancient of Wonders
11:23 Tree of Eternity
14:08 Chimaera Roost
14:11 Chimaera Roost
14:13 Chimaera Roost
14:16 Ancient of War
14:23 Moon Well
17:54 Ancient Protector
17:58 Ancient Protector
18:07 Ancient Protector
18:50 Ancient Protector
18:54 Ancient Protector
19:38 Ancient Protector
20:25 Moon Well
20:40 Moon Well
22:48 Tree of Life
22:52 Ancient Protector
23:31 Ancient Protector
23:34 Ancient Protector
24:51 Ancient of Wind
28:40 Tree of Life
29:37 Tree of Life
31:06 Tree of Life
33:17 Tree of Life
37:01 Tree of Life
» items
| Dust of Appearance | 2 | |
| Potion of Healing | 1 | |
| Scroll of Town Portal | 3 | |
6 total

»
good.old.times (
green | 67 APM | 3168 actions | 46:56)
6 Death Knight
3 Death Coil
2 Unholy Aura
1 Animate Dead
4 Lich
2 Frost Nova
2 Frost Armor
3 Crypt Lord
2 Impale
1 Spiked Carapace
» actions
| Assign group hotkey | 42 | |
| Basic commands | 98 | |
| Build / train | 108 | |
| Enter build submenu | 29 | |
| Enter hero's abilities submenu | 14 | |
| Give item / drop item | 1 | |
| Remove unit from queue | 10 | |
| Right click | 1092 | |
| Select / deselect | 366 | |
| Select group hotkey | 1301 | |
| Use ability | 107 | |
3168 total
» units
| Acolyte | 19 | |
| Ghoul | 5 | |
| Crypt Fiend | 11 | |
| Obsidian Statue | 4 | |
| Frost Wyrm | 5 | |
| Meatwagon | 3 | |
47 total
» upgrades
| Web | 1 | |
| Creature Attack | 3 | |
| Creature Carapace | 3 | |
| Destroyer Form | 1 | |
| Freezing Breath | 1 | |
9 total
» buildings
| Crypt | 1 | |
| Graveyard | 1 | |
| Ziggurat | 8 | |
| Altar of Darkness | 1 | |
| Tomb of Relics | 1 | |
| Halls of the Dead | 1 | |
| Spirit Tower | 7 | |
| Necropolis | 2 | |
| Sacrificial Pit | 1 | |
| Slaughterhouse | 1 | |
| Black Citadel | 2 | |
| Nerubian Tower | 1 | |
| Boneyard | 2 | |
29 total
» build order
00:42 Crypt
00:45 Graveyard
00:59 Ziggurat
01:15 Altar of Darkness
01:58 Ziggurat
02:20 Tomb of Relics
03:37 Ziggurat
05:14 Halls of the Dead
05:50 Ziggurat
06:15 Ziggurat
07:20 Spirit Tower
07:21 Spirit Tower
07:53 Necropolis
08:54 Sacrificial Pit
08:57 Slaughterhouse
10:10 Black Citadel
10:56 Spirit Tower
10:57 Nerubian Tower
10:59 Spirit Tower
12:46 Boneyard
14:02 Boneyard
15:26 Ziggurat
15:28 Ziggurat
16:07 Ziggurat
20:43 Spirit Tower
20:45 Spirit Tower
20:46 Spirit Tower
30:59 Necropolis
» items
| Rod of Necromancy | 4 | |
| Sacrificial Skull | 1 | |
| Dust of Appearance | 4 | |
| Lesser Clarity Potion | 1 | |
| Circlet of Nobility | 1 | |
| Scroll of Town Portal | 1 | |
| Potion of Lesser Invulnerability | 1 | |
| Orb of Corruption | 1 | |
14 total
DontTreadOnMe (
red | 41 APM | 2734 actions | 67:29)
7 Archmage
3 Summon Water Elemental
3 Brilliance Aura
1 Mass Teleport
» actions
| Assign group hotkey | 71 | |
| Basic commands | 125 | |
| Build / train | 130 | |
| Enter build submenu | 91 | |
| Enter hero's abilities submenu | 7 | |
| Give item / drop item | 13 | |
| Remove unit from queue | 1 | |
| Right click | 1298 | |
| Select / deselect | 513 | |
| Select group hotkey | 261 | |
| Use ability | 224 | |
2734 total
» units
| Peasant | 17 | |
| Footman | 5 | |
| Gryphon Rider | 12 | |
| Acolyte | 1 | |
35 total
» upgrades
| Lumber Harvesting | 2 | |
| Masonry | 3 | |
| Swords | 3 | |
| Armor | 3 | |
| Storm Hammers | 1 | |
| Animal War Training | 1 | |
| Cloud | 1 | |
| Barrage | 1 | |
| Gunpowder | 3 | |
| Plating | 3 | |
| Magic Sentry | 1 | |
22 total
» buildings
| Altar of Kings | 1 | |
| Barracks | 1 | |
| Farm | 11 | |
| Scout Tower | 81 | |
| Arcane Tower | 4 | |
| Lumber Mill | 3 | |
| Keep | 2 | |
| Town Hall | 3 | |
| Guard Tower | 19 | |
| Arcane Vault | 1 | |
| Gryphon Aviary | 4 | |
| Blacksmith | 2 | |
| Castle | 1 | |
| Workshop | 3 | |
| Arcane Sanctum | 1 | |
137 total
» build order
00:49 Altar of Kings
00:50 Barracks
00:53 Farm
00:55 Farm
00:59 Farm
01:04 Farm
01:39 Farm
01:50 Scout Tower
02:19 Arcane Tower
02:20 Arcane Tower
02:20 Arcane Tower
03:13 Lumber Mill
04:17 Keep
04:22 Town Hall
04:26 Scout Tower
04:27 Scout Tower
04:27 Scout Tower
04:28 Scout Tower
05:01 Guard Tower
05:03 Guard Tower
05:52 Arcane Vault
08:12 Gryphon Aviary
08:13 Gryphon Aviary
08:14 Gryphon Aviary
08:14 Gryphon Aviary
09:05 Blacksmith
09:07 Blacksmith
10:17 Castle
11:02 Scout Tower
11:03 Scout Tower
11:04 Scout Tower
11:05 Scout Tower
11:06 Scout Tower
11:46 Guard Tower
12:50 Farm
13:10 Scout Tower
13:15 Scout Tower
14:15 Lumber Mill
19:48 Lumber Mill
21:37 Workshop
21:38 Workshop
21:42 Workshop
23:26 Town Hall
23:29 Scout Tower
23:31 Scout Tower
23:33 Scout Tower
23:33 Scout Tower
23:38 Scout Tower
23:50 Scout Tower
23:53 Scout Tower
23:54 Scout Tower
24:30 Guard Tower
25:42 Guard Tower
27:35 Guard Tower
27:48 Scout Tower
27:49 Scout Tower
27:49 Scout Tower
27:50 Scout Tower
27:52 Scout Tower
27:53 Scout Tower
27:54 Scout Tower
27:55 Scout Tower
28:00 Scout Tower
28:01 Scout Tower
28:02 Scout Tower
28:06 Scout Tower
28:07 Scout Tower
28:15 Scout Tower
28:16 Scout Tower
28:16 Scout Tower
28:16 Scout Tower
28:17 Scout Tower
28:19 Scout Tower
28:20 Scout Tower
28:20 Scout Tower
28:21 Scout Tower
28:22 Scout Tower
28:23 Scout Tower
28:27 Keep
29:11 Guard Tower
29:13 Guard Tower
29:33 Scout Tower
29:34 Scout Tower
29:34 Scout Tower
29:35 Scout Tower
29:35 Scout Tower
29:37 Scout Tower
29:38 Scout Tower
29:38 Scout Tower
29:39 Scout Tower
29:40 Scout Tower
29:41 Scout Tower
29:44 Guard Tower
29:48 Guard Tower
30:27 Farm
30:28 Farm
30:28 Farm
30:28 Farm
31:37 Guard Tower
31:42 Guard Tower
31:57 Guard Tower
32:08 Guard Tower
34:11 Arcane Sanctum
50:33 Town Hall
50:36 Scout Tower
50:37 Scout Tower
50:38 Scout Tower
50:38 Scout Tower
50:40 Scout Tower
50:40 Scout Tower
50:41 Scout Tower
50:42 Scout Tower
50:51 Scout Tower
50:51 Scout Tower
50:51 Scout Tower
50:52 Scout Tower
50:53 Scout Tower
50:53 Scout Tower
50:54 Scout Tower
50:56 Scout Tower
50:56 Scout Tower
50:56 Scout Tower
50:58 Scout Tower
50:59 Scout Tower
50:59 Scout Tower
51:01 Scout Tower
51:01 Scout Tower
51:15 Guard Tower
51:37 Guard Tower
51:54 Guard Tower
52:07 Guard Tower
53:28 Guard Tower
» items
| Potion of Healing | 6 | |
| Scroll of Regeneration | 4 | |
| Mechanical Critter | 3 | |
| Scroll of Town Portal | 7 | |
| Lesser Clarity Potion | 1 | |
| Staff of Teleportation | 3 | |
| Periapt of Vitality | 5 | |
| Potion of Lesser Invulnerability | 2 | |
| Dust of Appearance | 1 | |
| Scroll of Healing | 2 | |
| Tome of Retraining | 1 | |
35 total
Getbehindme (
blue | 57 APM | 3730 actions | 65:21)
6 Death Knight
3 Death Coil
3 Unholy Aura
5 Lich
3 Frost Nova
2 Frost Armor
1 Crypt Lord
1 Spiked Carapace
» actions
| Assign group hotkey | 116 | |
| Basic commands | 16 | |
| Build / train | 99 | |
| ESC pressed | 2 | |
| Enter build submenu | 32 | |
| Enter hero's abilities submenu | 13 | |
| Right click | 1594 | |
| Select / deselect | 702 | |
| Select group hotkey | 1024 | |
| Use ability | 130 | |
3730 total
» units
| Acolyte | 7 | |
| Ghoul | 15 | |
| Crypt Fiend | 11 | |
| Razormane Medicine Man | 1 | |
| Obsidian Statue | 5 | |
| Frost Wyrm | 9 | |
| Meatwagon | 4 | |
52 total
» upgrades
| Creature Attack | 3 | |
| Web | 1 | |
| Freezing Breath | 1 | |
| Creature Carapace | 3 | |
| Unholy Strength | 2 | |
| Unholy Armor | 2 | |
| Exhume Corpses | 1 | |
| Disease Cloud | 1 | |
| Destroyer Form | 1 | |
15 total
» buildings
| Graveyard | 1 | |
| Crypt | 1 | |
| Altar of Darkness | 1 | |
| Ziggurat | 14 | |
| Tomb of Relics | 1 | |
| Nerubian Tower | 1 | |
| Halls of the Dead | 1 | |
| Slaughterhouse | 1 | |
| Spirit Tower | 11 | |
| Black Citadel | 1 | |
| Sacrificial Pit | 1 | |
| Boneyard | 3 | |
37 total
» build order
00:23 Graveyard
00:27 Crypt
00:45 Altar of Darkness
01:00 Ziggurat
01:35 Ziggurat
02:01 Tomb of Relics
02:09 Nerubian Tower
04:21 Halls of the Dead
05:15 Ziggurat
07:26 Ziggurat
07:28 Ziggurat
07:29 Ziggurat
07:44 Slaughterhouse
08:24 Ziggurat
09:19 Spirit Tower
09:20 Spirit Tower
09:34 Spirit Tower
10:19 Black Citadel
10:40 Ziggurat
10:50 Spirit Tower
11:06 Spirit Tower
12:55 Sacrificial Pit
14:12 Boneyard
15:26 Boneyard
16:31 Boneyard
17:25 Ziggurat
17:27 Ziggurat
17:29 Ziggurat
19:13 Spirit Tower
19:17 Spirit Tower
21:32 Spirit Tower
21:39 Spirit Tower
21:40 Ziggurat
22:49 Spirit Tower
22:50 Ziggurat
24:57 Ziggurat
24:59 Spirit Tower
» items
| Rod of Necromancy | 1 | |
| Orb of Venom | 1 | |
| Dust of Appearance | 1 | |
3 total
team 2 (loser)
politcly_corect (
teal | 27 APM | 1494 actions | 55:15)
6 Blademaster
2 Wind Walk
3 Critical Strike
1 Bladestorm
» actions
| Basic commands | 1 | |
| Build / train | 93 | |
| Enter build submenu | 15 | |
| Enter hero's abilities submenu | 6 | |
| Give item / drop item | 2 | |
| Right click | 847 | |
| Select / deselect | 364 | |
| Use ability | 166 | |
1494 total
» units
| Peon | 23 | |
| Grunt | 5 | |
| Wind Rider | 2 | |
| Troll Batrider | 18 | |
48 total
» upgrades
| Reinforced Defenses | 1 | |
| Liquid Fire | 1 | |
| Spiked Barricades | 1 | |
| Ranged Weapons | 2 | |
| Armor | 2 | |
7 total
» buildings
| Orc Burrow | 7 | |
| Altar of Storms | 1 | |
| Voodoo Lounge | 1 | |
| Barracks | 1 | |
| Stronghold | 1 | |
| War Mill | 1 | |
| Beastiary | 3 | |
| Fortress | 1 | |
| Spirit Lodge | 1 | |
17 total
» build order
00:09 Orc Burrow
00:13 Altar of Storms
01:04 Voodoo Lounge
01:08 Barracks
01:37 Orc Burrow
03:29 Stronghold
04:38 Orc Burrow
05:11 War Mill
06:55 Beastiary
07:44 Beastiary
07:45 Fortress
08:58 Orc Burrow
11:02 Orc Burrow
12:23 Orc Burrow
14:25 Spirit Lodge
14:29 Orc Burrow
15:29 Beastiary
» items
| Healing Salve | 6 | |
| Lesser Clarity Potion | 7 | |
| Circlet of Nobility | 1 | |
| Scroll of Regeneration | 1 | |
| Tiny Great Hall | 3 | |
| Orb of Lightning | 1 | |
| Scroll of Healing | 2 | |
| Scroll of Town Portal | 5 | |
| Potion of Healing | 2 | |
| Potion of Mana | 1 | |
29 total

»
ThunderCats.HOE (
yellow | 51 APM | 1411 actions | 27:32)
5 Dark Ranger
2 Black Arrow
3 Silence
3 Shadow Hunter
1 Hex
2 Healing Wave
» actions
| Assign group hotkey | 20 | |
| Basic commands | 80 | |
| Build / train | 53 | |
| ESC pressed | 1 | |
| Enter build submenu | 24 | |
| Enter hero's abilities submenu | 8 | |
| Give item / drop item | 4 | |
| Right click | 502 | |
| Select / deselect | 369 | |
| Select group hotkey | 256 | |
| Use ability | 94 | |
1411 total
» units
| Peon | 16 | |
| Grunt | 4 | |
| Kodo Beast | 1 | |
| Razormane Medicine Man | 1 | |
| Troll Witch Doctor | 1 | |
23 total
» upgrades
| Berserker Strength | 1 | |
| Shaman Training | 2 | |
| Witch Doctor Training | 1 | |
| Reinforced Defenses | 1 | |
5 total
» buildings
| Orc Burrow | 9 | |
| Barracks | 1 | |
| Altar of Storms | 2 | |
| Voodoo Lounge | 5 | |
| Stronghold | 1 | |
| War Mill | 2 | |
| Beastiary | 2 | |
| Spirit Lodge | 2 | |
| Fortress | 1 | |
| Great Hall | 1 | |
26 total
» build order
00:10 Orc Burrow
00:36 Barracks
01:05 Altar of Storms
01:20 Orc Burrow
01:57 Voodoo Lounge
03:51 Stronghold
03:54 Orc Burrow
05:09 War Mill
06:17 Beastiary
06:20 Spirit Lodge
07:20 Orc Burrow
07:40 Fortress
08:32 Spirit Lodge
08:36 Beastiary
09:37 Orc Burrow
11:18 Great Hall
11:39 Voodoo Lounge
12:15 Voodoo Lounge
14:00 Voodoo Lounge
14:12 Voodoo Lounge
15:56 Orc Burrow
17:30 Altar of Storms
18:11 Orc Burrow
18:46 War Mill
20:43 Orc Burrow
21:39 Orc Burrow
» items
| Healing Salve | 5 | |
| Lesser Clarity Potion | 2 | |
| Scroll of Speed | 2 | |
| Scroll of Town Portal | 2 | |
| Potion of Healing | 1 | |
| Tiny Great Hall | 1 | |
13 total
CAM-VS-PEYTON (
purple | 63 APM | 4275 actions | 67:27)
7 Blademaster
3 Wind Walk
3 Critical Strike
1 Bladestorm
3 Shadow Hunter
2 Hex
1 Healing Wave
» actions
| Assign group hotkey | 42 | |
| Basic commands | 11 | |
| Build / train | 78 | |
| Enter build submenu | 25 | |
| Enter hero's abilities submenu | 10 | |
| Give item / drop item | 10 | |
| Right click | 2180 | |
| Select / deselect | 535 | |
| Select group hotkey | 1133 | |
| Use ability | 251 | |
4275 total
» units
| Peon | 21 | |
| Wind Rider | 8 | |
| Troll Batrider | 13 | |
42 total
» upgrades
| Reinforced Defenses | 1 | |
| Liquid Fire | 1 | |
| Ranged Weapons | 1 | |
| Armor | 1 | |
| Envenomed Spears | 1 | |
5 total
» buildings
| Altar of Storms | 1 | |
| Orc Burrow | 7 | |
| Voodoo Lounge | 1 | |
| War Mill | 1 | |
| Watch Tower | 30 | |
| Stronghold | 1 | |
| Great Hall | 2 | |
| Beastiary | 3 | |
| Fortress | 2 | |
48 total
» build order
00:08 Altar of Storms
00:19 Orc Burrow
01:04 Voodoo Lounge
01:18 War Mill
01:50 Orc Burrow
02:30 Watch Tower
02:42 Watch Tower
03:06 Watch Tower
03:46 Stronghold
03:53 Orc Burrow
05:58 Great Hall
06:10 Great Hall
06:15 Beastiary
06:16 Beastiary
06:51 Orc Burrow
09:15 Fortress
09:15 Fortress
09:42 Watch Tower
09:43 Watch Tower
10:12 Watch Tower
10:12 Watch Tower
10:13 Watch Tower
11:27 Watch Tower
11:27 Watch Tower
11:27 Watch Tower
11:28 Watch Tower
11:28 Watch Tower
12:37 Watch Tower
12:37 Watch Tower
12:37 Watch Tower
12:38 Watch Tower
12:38 Watch Tower
14:37 Orc Burrow
14:58 Watch Tower
14:59 Watch Tower
14:59 Watch Tower
15:00 Watch Tower
16:22 Beastiary
17:31 Watch Tower
17:32 Watch Tower
17:34 Watch Tower
19:27 Orc Burrow
19:27 Orc Burrow
20:10 Watch Tower
20:15 Watch Tower
20:16 Watch Tower
» items
| Healing Salve | 1 | |
| Lesser Clarity Potion | 2 | |
| Staff of Teleportation | 2 | |
| Boots of Speed | 1 | |
| Potion of Lesser Invulnerability | 1 | |
| Scroll of Town Portal | 1 | |
| Scroll of Healing | 1 | |
| Potion of Mana | 2 | |
| Orb of Lightning | 1 | |
| Tiny Great Hall | 1 | |
13 total
biurrrt (
orange | 29 APM | 1895 actions | 64:54)
8 Mountain King
3 Storm Bolt
1 Thunder Clap
3 Bash
1 Avatar
» actions
| Basic commands | 4 | |
| Build / train | 183 | |
| Enter build submenu | 58 | |
| Enter hero's abilities submenu | 8 | |
| Give item / drop item | 2 | |
| Remove unit from queue | 7 | |
| Right click | 649 | |
| Select / deselect | 820 | |
| Use ability | 164 | |
1895 total
» units
| Peasant | 68 | |
| Footman | 8 | |
| Knight | 6 | |
| Flying Machine | 24 | |
106 total
» upgrades
| Masonry | 3 | |
| Swords | 3 | |
| Plating | 2 | |
| Lumber Harvesting | 2 | |
| Animal War Training | 1 | |
| Gunpowder | 2 | |
| Armor | 1 | |
| Flak Cannons | 1 | |
| Flying Machine Bombs | 1 | |
16 total
» buildings
| Farm | 14 | |
| Altar of Kings | 1 | |
| Barracks | 3 | |
| Scout Tower | 16 | |
| Lumber Mill | 2 | |
| Arcane Vault | 1 | |
| Arcane Tower | 2 | |
| Guard Tower | 9 | |
| Blacksmith | 1 | |
| Town Hall | 14 | |
| Keep | 2 | |
| Castle | 1 | |
| Workshop | 2 | |
68 total
» build order
02:52 Farm
02:57 Altar of Kings
03:02 Barracks
03:08 Scout Tower
03:11 Lumber Mill
03:16 Scout Tower
03:29 Scout Tower
03:38 Arcane Vault
03:40 Arcane Tower
03:50 Farm
03:53 Guard Tower
03:58 Guard Tower
04:01 Farm
04:04 Farm
04:25 Blacksmith
06:18 Town Hall
06:21 Town Hall
06:26 Scout Tower
06:27 Scout Tower
06:29 Scout Tower
06:32 Scout Tower
06:57 Scout Tower
06:58 Guard Tower
07:01 Scout Tower
07:02 Guard Tower
07:35 Town Hall
07:47 Arcane Tower
07:50 Guard Tower
08:04 Scout Tower
08:31 Scout Tower
08:32 Guard Tower
08:49 Keep
09:09 Barracks
09:24 Scout Tower
09:25 Scout Tower
09:29 Farm
10:08 Guard Tower
10:10 Farm
10:12 Farm
10:14 Farm
10:43 Barracks
10:47 Farm
11:10 Farm
11:11 Scout Tower
11:14 Farm
11:50 Castle
11:59 Guard Tower
12:17 Lumber Mill
12:45 Town Hall
13:43 Farm
14:20 Scout Tower
14:22 Scout Tower
15:00 Guard Tower
15:17 Guard Tower
16:35 Workshop
16:47 Farm
16:51 Workshop
21:38 Town Hall
23:59 Town Hall
25:21 Town Hall
29:00 Town Hall
31:59 Town Hall
36:57 Town Hall
37:30 Town Hall
43:05 Town Hall
46:08 Keep
46:38 Farm
47:07 Town Hall
47:28 Town Hall
» items
| Scroll of Regeneration | 5 | |
| Lesser Clarity Potion | 10 | |
| Potion of Healing | 8 | |
| Orb of Fire | 1 | |
| Scroll of Town Portal | 3 | |
| Scroll of Healing | 1 | |
| Staff of Teleportation | 1 | |
| Healing Salve | 1 | |
| Orb of Lightning | 1 | |
| Potion of Mana | 1 | |
| Boots of Speed | 1 | |
| Potion of Lesser Invulnerability | 1 | |
34 total
Chat log
(05:42 / Allies) Getbehindme: care
(08:19 / Allies) DontTreadOnMe: lumbers?
(08:38 / All) DontTreadOnMe: teal mhs
(08:49 / All) politcly_corect: i do?
(08:51 / All) DontTreadOnMe: yes
(09:19 / Allies) DontTreadOnMe: need lumbers
(09:37 / Allies) good.old.times: kill expos
(09:59 / All) DontTreadOnMe: this map sux for lumber
(10:19 / Allies) DontTreadOnMe: danke
(11:54 / Allies) Getbehindme: fight
(13:22 / Allies) good.old.times: pull back and hit main
(13:22 / All) DontTreadOnMe: dfskjafdsfjdasf
(13:24 / All) DontTreadOnMe: i fucking tped
(13:41 / Allies) Getbehindme: COIL
(13:41 / Allies) Getbehindme: wtf
(13:50 / Allies) good.old.times: i clicked
(15:28 / Allies) Getbehindme: lumber
(17:33 / Allies) Getbehindme: WOOD
(18:00 / Allies) Getbehindme: RED RAPE
(18:47 / Allies) Getbehindme: still need wood
(19:55 / Allies) DontTreadOnMe: het has bats
(21:10 / Allies) Getbehindme: FIGHT
(21:48 / Allies) DontTreadOnMe: help
(22:02 / Allies) DontTreadOnMe: help
(22:04 / Allies) Getbehindme: get out
(22:56 / All) CAM-VS-PEYTON: this has been the worst teamwork im on my side ever nobody is saying a word
(24:00 / Allies) DontTreadOnMe: anyone got loadas of lumbers?
(24:36 / Allies) DontTreadOnMe: pink hook me up with some lumber
(25:24 / Allies) DontTreadOnMe: lumber?
(25:29 / Allies) DontTreadOnMe: all of ya'll have 1k +
(25:33 / Allies) DontTreadOnMe: thanks bros
(27:57 / Allies) tomha: gols pls
(28:22 / Allies) tomha: 300 gold pls
(28:35 / Allies) tomha: thanks
(28:48 / All) Getbehindme: lol
(28:52 / All) Getbehindme: bm sucks noobs
(34:01 / Allies) DontTreadOnMe: fucking sigh
(36:10 / Allies) Getbehindme: im gonna meat wagon this faggot
(36:54 / Allies) tomha: 100 gols pls
(37:07 / Allies) tomha: thanks
(37:17 / Allies) good.old.times: red go hawks...
(37:23 / Allies) DontTreadOnMe: aight
(37:33 / All) CAM-VS-PEYTON: y u talk shit blue
(37:33 / Allies) Getbehindme: can human get flares?
(37:35 / All) CAM-VS-PEYTON: u gonna lose
(37:57 / Allies) good.old.times: ill try and kill him
(38:22 / Allies) good.old.times: just missed...
(40:04 / All) CAM-VS-PEYTON: leave niggas u lost
(41:30 / All) politcly_corect: well
(41:46 / All) politcly_corect: even tho this will count as a loss
(41:55 / All) politcly_corect: i must say I feel like we won something here
(42:01 / All) Getbehindme: the ability to turtle?
(42:11 / All) politcly_corect: the ability to stay alive
(42:37 / All) politcly_corect: its kind of hilarious
(42:53 / All) CAM-VS-PEYTON: seriously fuck oj
(42:54 / All) CAM-VS-PEYTON: faggot
(42:57 / All) CAM-VS-PEYTON: wont give me gold
(42:58 / All) Getbehindme: leave
(43:03 / All) CAM-VS-PEYTON: ji won
(43:25 / Allies) good.old.times: that was kind red
(43:42 / All) politcly_corect: why red take out green expo?
(43:51 / Allies) Getbehindme: plz check their expos
(44:08 / All) good.old.times: good question
(44:14 / All) CAM-VS-PEYTON: i told u guys, u wouldnt win
(44:17 / All) CAM-VS-PEYTON: u should have listened
(44:20 / All) politcly_corect: maybe b/c u were sitting there
(44:24 / All) politcly_corect: protecting expo
(44:26 / All) politcly_corect: ?
(44:41 / All) politcly_corect: or maybe
(44:45 / All) politcly_corect: red just wanted it
(45:01 / All) good.old.times: i think he's a dick
(45:08 / All) politcly_corect: but he has the power
(45:13 / All) politcly_corect: the power to kill you
(45:20 / All) politcly_corect: the power to set the pace of the game
(45:23 / All) politcly_corect: the power period
(45:34 / All) politcly_corect: nothing you can do about it
(45:43 / All) politcly_corect: thats no power
(46:26 / All) politcly_corect: how does it feel to be helpless to red?
(46:32 / All) biurrrt: fuck you purple worthless piece of shjt
(46:33 / All) Getbehindme: fine
(46:37 / All) CAM-VS-PEYTON: lol
(46:43 / All) good.old.times: gj red
(46:49 / All) good.old.times: later
(46:54 / All) CAM-VS-PEYTON: orange u go knights vs all opponents air
(47:00 / All) politcly_corect: ?
(47:13 / All) politcly_corect: powerless?
(47:18 / All) politcly_corect: is that why he left?
(47:45 / All) CAM-VS-PEYTON: gj retard oj lol
(49:12 / All) CAM-VS-PEYTON: free dr
(49:34 / All) politcly_corect: so
(49:39 / All) politcly_corect: assign a frost per tower?
(50:51 / All) biurrrt: got one center left top left corner of map
(51:08 / All) CAM-VS-PEYTON: hes talking to himself lol
(51:15 / All) biurrrt: purple is done only blademaster left towers and thats it
(51:31 / All) DontTreadOnMe: oh no not my dead expo
(51:35 / All) politcly_corect: lol
(51:54 / All) biurrrt: competely worthless orc player that doesnt know how to use bats
(51:59 / All) CAM-VS-PEYTON: lawl
(52:11 / All) CAM-VS-PEYTON: orange goes knights vs 4 people going air
(53:01 / All) CAM-VS-PEYTON: and oj nigger is dead
(54:14 / All) biurrrt: well green sucks almost as much as purple
(54:20 / All) CAM-VS-PEYTON: out oj
(54:21 / All) CAM-VS-PEYTON: out
(54:28 / All) Getbehindme: you idiot red forced them into the base
(54:45 / All) politcly_corect: dayum
(54:45 / All) DontTreadOnMe: almost didn't get him there lol
(54:50 / All) politcly_corect: i die with honer
(54:57 / All) politcly_corect: i ran back to die
(54:59 / All) politcly_corect: lol
(55:08 / All) politcly_corect: latas all
(55:22 / All) CAM-VS-PEYTON: out oj
(55:23 / All) CAM-VS-PEYTON: out
(57:59 / All) Getbehindme: almost
(58:04 / All) CAM-VS-PEYTON: dur dur
(62:27 / All) CAM-VS-PEYTON: next time blue, u are gonna die
(62:31 / All) Getbehindme: ok
(62:59 / All) CAM-VS-PEYTON: i dun wanna hear excuses, my team was literally playing solo by themselves
(63:07 / All) Getbehindme: great
(63:12 / All) Getbehindme: its 4v 4
(63:14 / All) CAM-VS-PEYTON: ya great,
(64:18 / All) CAM-VS-PEYTON: out lol
(64:19 / All) CAM-VS-PEYTON: noob
(64:23 / All) Getbehindme: get owned
(64:30 / All) CAM-VS-PEYTON: cry baby gonna cry
(64:35 / All) Getbehindme: who won?
(64:35 / All) CAM-VS-PEYTON: oj is here too for sure 100%
(64:38 / All) Getbehindme: who won?
(64:43 / All) CAM-VS-PEYTON: me of course
(64:49 / All) Getbehindme: maybe next time
(64:51 / All) biurrrt: bunch of faggots
(64:53 / All) DontTreadOnMe: ASK AGAIN LATER
(64:54 / All) CAM-VS-PEYTON: im gonna rewatch replay and confirm oj never left
(65:00 / All) DontTreadOnMe: Well
(65:03 / All) CAM-VS-PEYTON: out blue
(65:03 / All) DontTreadOnMe: outcome has been decided
(65:05 / All) CAM-VS-PEYTON: out
(65:11 / All) Getbehindme: red was killing our expos noob
(65:19 / All) CAM-VS-PEYTON: i said no excuses
(65:31 / All) DontTreadOnMe: I say your team lose
(65:37 / All) DontTreadOnMe: I think teal had mh
(65:40 / All) DontTreadOnMe: and orange was a dumb fag
(65:50 / All) CAM-VS-PEYTON: this team was really stupid
(65:51 / All) DontTreadOnMe: me team gave me tons of lumbs
(65:53 / All) CAM-VS-PEYTON: nobody talked
(66:03 / All) DontTreadOnMe: my team wasn't so bad
(66:18 / All) CAM-VS-PEYTON: mine then? oj was new acct, blue talked shit tho
(66:23 / All) DontTreadOnMe: teal mher
(66:32 / All) CAM-VS-PEYTON: i dont think he was he was just a bm
(66:44 / All) DontTreadOnMe: he was mher
(66:50 / All) DontTreadOnMe: He chased down my critter
(66:53 / All) DontTreadOnMe: specifically
(67:07 / All) CAM-VS-PEYTON: fine mine loses but im gonna rewatch if he mh'd and if oj ever left
(67:21 / All) DontTreadOnMe: aight